 Dungeon Crawl Stone Soup version 0.24-a0-157-g36218c0 (webtiles) character file.

Game seed: 5829870420858970744

882 Dfrag the Firebug (level 8, 0/62 HPs)
             Began as a Naga Fire Elementalist on Mar 5, 2019.
             Was an Initiate of Vehumet.
             Shot with an arrow by a centaur (7 damage)
             ... on level 6 of the Dungeon.
             The game lasted 00:08:23 (4612 turns).

Dfrag the Firebug (Naga Fire Elementalist)          Turns: 4612, Time: 00:08:24

Health: 0/62       AC:  6    Str: 11    XL:     8   Next: 5%
Magic:  5/15       EV: 10    Int: 18    God:    Vehumet [......]
Gold:   131        SH:  0    Dex: 14    Spells: 4/17 levels left

rFire    . . .     SeeInvis +   m - +11 mace of Weibuz {flame, rElec rPois Dex+3}
rCold    . . .     Gourm    .   (no shield)
rNeg     . . .     Faith    .   a - +0 robe
rPois    +         Spirit   .   i - +2 hat
rElec    +         Reflect  .   h - +0 cloak
rCorr    .         Harm     .   (no gloves)
MR       +....                  (no barding)
Stlth    +.........             (no amulet)
HPRegen  0.20/turn              (no ring)
MPRegen  0.14/turn              (no ring)

@: glowing, very slow
A: large, see invisible, deformed body, poison resistance, slowness 2, slow
metabolism 1, spit poison 1, AC +2
a: Spit Poison, Renounce Religion


You were on level 6 of the Dungeon.
You worshipped Vehumet.
Vehumet was noncommittal.
You were very hungry.

You visited 2 branches of the dungeon, and saw 7 of its levels.

You collected 251 gold pieces.
You spent 120 gold pieces at shops.

Inventory:

Hand Weapons
 e - a +0 hand axe of flaming
 m - the +11 mace of Weibuz (weapon) {flame, rElec rPois Dex+3}
   (You found it on level 5 of the Dungeon)

   It has been specially enchanted to burn those struck by it, causing extra
   injury to most foes and up to half again as much damage against particularly
   susceptible opponents.
   It affects your dexterity (+3).
   It insulates you from electricity.
   It protects you from poison.
 n - a +1 spear of piercing
Armour
 a - a +0 robe (worn)
 h - a +0 cloak (worn)
 i - a +2 hat (worn)
Wands
 l - a wand of random effects (25)
 w - a wand of flame (23)
Scrolls
 b - a scroll of noise {unknown}
 d - 5 scrolls of teleportation
 g - 2 scrolls of amnesia
 j - 3 scrolls of immolation
 k - a scroll of enchant weapon {unknown}
 q - 2 scrolls of magic mapping {unknown}
 r - a scroll of fog {unknown}
 s - a scroll of fear {unknown}
 v - a scroll of random uselessness {unknown}
 y - 2 scrolls of remove curse
Potions
 f - 2 potions of curing
 o - a potion of ambrosia
 p - a potion of mutation {unknown}
 u - a potion of lignification {unknown}
 z - a potion of heal wounds {unknown}
Comestibles
 c - 14 rations


   Skills:
 - Level 1.5 Dodging
 - Level 3.0 Stealth
 + Level 5.0 Spellcasting
 + Level 5.0 Conjurations
 + Level 5.9 Fire Magic


You had 4 spell levels left.
You knew the following spells:

 Your Spells              Type           Power        Failure   Level  Hunger
a - Flame Tongue          Conj/Fire      ###..        1%          1    None
b - Conjure Flame         Conj/Fire      ###.....     4%          3    ##.....
c - Sticky Flame          Conj/Fire      ###.....     14%         4    ####...
d - Fireball              Conj/Fire      ###.......   36%         5    ######.

Your spell library contained the following spells:

 Spells                   Type           Power        Failure   Level  Hunger
 Throw Flame              Conj/Fire      ###...       1%          2    #......
 Inner Flame              Hex/Fire       ###.....     12%         3    ##.....


Dungeon Overview and Level Annotations

Branches:
Dungeon (6/15)             Temple (1/1) D:5

Altars:
Ashenzari
Cheibriados
Dithmenos
Fedhas
Gozag
Hepliaklqana
Makhleb
Nemelex Xobeh
Okawaru
Qazlal
Ru
Sif Muna
Trog
Uskayaw
Vehumet
Wu Jian
Xom
Yredelemnul
Zin

Shops:
D:6 ?


Innate Abilities, Weirdness & Mutations

You cannot wear boots.
Your serpentine skin is tough. (AC +2)
You have supernaturally acute eyesight. (SInv)
Armour fits poorly on your strangely shaped body.
Your system is resistant to poisons. (rPois)
You cover ground very slowly.
You have a slow metabolism.
You can spit poison.


Message History

Casting: Fireball (very dangerous; 36% risk of failure)
Confirm with . or Enter, or press ? or * to list all spells.
You don't have enough magic to cast that spell.
Unknown command.
The howler monkey is engulfed in a cloud of scalding steam. x2
A centaur comes into view.
Vehumet accepts your kill.
Your Spellcasting skill increases to level 5!
You feel a bit more experienced.
The centaur wields a +0 shortbow.
The centaur shoots an arrow.
The arrow hits you!
* * * LOW HITPOINT WARNING * * *
The centaur shoots an arrow.
The arrow hits you!
* * * LOW HITPOINT WARNING * * *
The orc wizard gestures at you while chanting.
You easily resist.
You see here an arrow.
Unknown command.
You feel better.
The centaur shoots an arrow.
The arrow hits you!
You die...

.#..##.................#
....##.∩.).....##....###
(...##...)....####...#
.##..#####.......#.#....#
###...###.)........##..##
#..........###....## ....
...###..#######..(## ..##
#.. #...c..#......# ..#
#...##..........@.## ..
#...........o.###(## ..
... .#.......(###(.###...
..#..#..).o..#((.....# ..
#.#.........(^.#..##
#.....§..(.### ##
........§......#
≈≈≈≈≈≈≈≈§§≈§.....#
....go.hhh§≈.....#


You could see a centaur and an orc wizard.

Vanquished Creatures
  2 centaurs (D:6)
  A bullfrog (D:5)
  A howler monkey (D:6)
  2 crimson imps
  A centaur skeleton (D:5)
  An orc wizard (D:6)
  3 orc priests
  Crazy Yiuf (D:3)
  A bullfrog skeleton (D:5)
  2 worker ants
  2 hound skeletons (D:4)
  3 adders
  14 gnolls
  2 oozes
  An adder zombie (D:5)
  2 worms (D:2)
  A dart slug (D:2)
  5 leopard geckos
  9 orcs
  5 giant cockroaches
  8 goblins
  6 hobgoblins
  8 jackals
  5 quokkas
  A ball python (D:2)
  6 bats
  4 frilled lizards
  2 kobolds
  A quokka skeleton (D:5)
  7 rats
107 creatures vanquished.

Notes
Turn   | Place    | Note
-------+----------+-------------------------------------------
     0 | D:1      | Dfrag the Naga Fire Elementalist began the quest for the
                  | Orb.
     0 | D:1      | Reached XP level 1. HP: 15/15 MP: 3/3
   251 | D:1      | Reached XP level 2. HP: 20/22 MP: 5/5
   787 | D:2      | Reached XP level 3. HP: 23/28 MP: 3/6
   820 | D:2      | Found an iron altar of Okawaru.
  1112 | D:2      | Reached XP level 4. HP: 36/36 MP: 8/8
  1154 | D:2      | Learned a level 3 spell: Conjure Flame
  1159 | D:2      | Learned a level 4 spell: Sticky Flame
  1212 | D:3      | Found a runed translucent door.
  1213 | D:3      | Noticed Crazy Yiuf
  1219 | D:3      | Killed Crazy Yiuf
  1290 | D:3      | Reached XP level 5. HP: 19/42 MP: 6/9
  2211 | D:4      | Reached XP level 6. HP: 45/49 MP: 0/11
  2360 | D:4      | Found a shimmering altar of Xom.
  2361 | D:4      | Found a burning altar of Makhleb.
  2933 | D:5      | Entered Level 5 of the Dungeon
  3053 | D:5      | Found a staircase to the Ecumenical Temple.
  3068 | D:5      | Got a crude mace
  3074 | D:5      | Identified the +11 mace of Weibuz {flame, rElec rPois
                  | Dex+3} (You found it on level 5 of the Dungeon)
  3084 | D:5      | Reached skill level 5 in Fire Magic
  3090 | Temple   | Entered the Ecumenical Temple
  3494 | D:5      | Reached XP level 7. HP: 45/55 MP: 13/13
  3604 | D:5      | Found a sparkling altar of Nemelex Xobeh.
  3604 | D:5      | Found a bloodstained altar of Trog.
  3643 | D:5      | Got a faintly glowing great sword
  3644 | D:5      | Identified the +1 great sword of the Valley of Death
                  | {drain, SInv} (You found it on level 5 of the Dungeon)
  3684 | D:5      | Found a radiant altar of Vehumet.
  3698 | D:5      | Became a worshipper of Vehumet
  3825 | D:6      | Noticed a hippogriff
  4439 | D:6      | Found Ytiziy's Magic Scroll Shoppe.
  4456 | D:6      | Bought a scroll of identify for 20 gold pieces
  4456 | D:6      | Bought a scroll of identify for 20 gold pieces
  4456 | D:6      | Bought a scroll of identify for 20 gold pieces
  4456 | D:6      | Bought a scroll of remove curse for 30 gold pieces
  4456 | D:6      | Bought a scroll of teleportation for 30 gold pieces
  4494 | D:6      | Learned a level 5 spell: Fireball
  4607 | D:6      | Reached skill level 5 in Conjurations
  4607 | D:6      | Reached XP level 8. HP: 28/62 MP: 4/15
  4609 | D:6      | Reached skill level 5 in Spellcasting
  4611 | D:6      | HP: 1/62 [centaur/arrow (13)]
  4612 | D:6      | Shot with an arrow by a centaur

Levels and vault maps discovered:
D:1:      lemuel_arrival_muddy, layout_basic
D:2:      layout_rooms, kennysheep_okawaru_gauntlet
D:3:      layout_loops_cross, uniq_crazy_yiuf_cottage
D:4:      layout_basic, grunt_temple_overflow_champion_of_chaos, first_ration
D:5:      layout_loops_ring, vehumet_altar_wand_db,
          gammafunk_temple_overflow_wave, minmay_temple_entry_ruins
D:6:      layout_cave_pools, serial_gnoll_camp, gnoll_camp_mini_house,
          gnoll_camp_mini_basic, gnoll_camp_mini_shop, gnoll_camp_huts_moat,
          gnoll_camp_mini_hut, uniq_sigmund, uniq_grinder
Temple:   eino_temple_lava

Skill      XL: |  1  2  3  4  5  6  7  8 |
---------------+-------------------------+-----
Conjurations   | 2 3 4 5 |  5.0
Spellcasting   | 3 4 5 |  5.0
Fire Magic     | 4 5 |  5.9
Dodging        | |  1.5
Stealth        | |  3.0

Action                   |  1- 3 |  4- 6 |  7- 9 || total
-------------------------+-------+-------+-------++-------
Melee: Hand axe          |    24 |    14 |       ||    38
       Spear             |       |    81 |       ||    81
       Mace              |       |     6 |    12 ||    18
 Cast: Flame Tongue      |    27 |    48 |    23 ||    98
       Sticky Flame      |       |     7 |     4 ||    11
       Fireball          |       |       |     2 ||     2
 Abil: Spit Poison       |    17 |    15 |     4 ||    36
  Use: Scroll            |       |       |     4 ||     4
       Potion            |       |       |     1 ||     1
 Stab: Sleeping          |     1 |     5 |       ||     6
  Eat: Chunk             |     2 |     8 |       ||    10
       Ration            |       |       |     1 ||     1
Armor: Robe              |     7 |    51 |     9 ||    67
Dodge: Dodged            |    28 |    71 |    27 ||   126

Table legend:
 A = Non-vault XP
 B = Vault XP
 C = Vault XP percentage of total XP
 D = Non-vault monster count
 E = Vault monster count
 F = Vault count percentage of total count
                 A         B        C        D         E       F
            +---------+---------+-------+---------+---------+-------
      Total |    1107 |     154 |  12.2 |      98 |       9 |   8.4
            +---------+---------+-------+---------+---------+-------
        D:1 |      32 |       0 |   0.0 |      16 |       0 |   0.0
        D:2 |      46 |       4 |   8.0 |      15 |       2 |  11.8
        D:3 |     180 |      40 |  18.2 |      24 |       1 |   4.0
        D:4 |     170 |      50 |  22.7 |      23 |       1 |   4.2
        D:5 |     217 |       2 |   0.9 |       9 |       1 |  10.0
        D:6 |     462 |      58 |  11.2 |      11 |       4 |  26.7
            +---------+---------+-------+---------+---------+-------
